 Dungeon Crawl Stone Soup version 0.31-a0-667-g39726597b9 (webtiles) character file.

Game seed: 13077504698575414252

128 garrulousMonolith the Ruffian (level 4, 0/41 HPs)
             Began as a Troll Shapeshifter on Sept 3, 2023.
             Slain by Sigmund
             ... wielding a +0 scythe
              (8 damage)
             ... on level 3 of the Dungeon.
             The game lasted 00:02:13 (1477 turns).

garrulousMonolith the Ruffian (Troll Shapeshifter)  Turns: 1477, Time: 00:02:14

Health: 0/41       AC:  4    Str: 22    XL:     4   Next: 87%
Magic:  3/3        EV: 10    Int:  6    God:
Gold:   132        SH:  5    Dex: 17    Spells: 3/3 levels left

rFire   . .          .
                       - Unarmed
rCold   . . .        (no shield)
rNeg    . . .        a - +0 animal skin
rPois   .            (helmet currently unavailable)
rElec   .            (cloak currently unavailable)
rCorr   .            (gloves unavailable)
SInv    .            (boots unavailable)
Will    .....        s - amulet of reflection
Stlth   ++           q - +6 ring of dexterity
HPRegen 1.06/turn    (no ring)
MPRegen 0.08/turn

%: reflection
@: beast-form
A: beast (slay +2), large, unfitting armour, claws 3, regeneration 1, shaggy fur
1, tough skin 1
a: Begin Untransformation


You were on level 3 of the Dungeon.
You were a hulking beast.
You visited 1 branch of the dungeon, and saw 3 of its levels.

You collected 132 gold pieces.

Inventory:

Armour
 a - a +0 animal skin (worn)
Jewellery
 q - a +6 ring of dexterity (left claw)
 s - an amulet of reflection (around neck)
Talismans
 c - a beast talisman (active)
 d - a flux talisman
 e - a maw talisman
 p - a serpent talisman
Scrolls
 f - a scroll of vulnerability {unknown}
 i - a scroll of teleportation {unknown}
 k - a scroll of fog {unknown}
 l - 2 scrolls of identify {unknown}
 n - a scroll of noise {unknown}
Potions
 b - a potion of lignification
 g - a potion of might {unknown}
 h - a potion of curing {unknown}
 m - a potion of heal wounds {unknown}
 o - a potion of mutation {unknown}
 r - a potion of haste {unknown}


   Skills:
 + Level 1.6 Fighting
 + Level 2.1 Dodging
 * Level 4.1 Unarmed Combat
 * Level 3.9 Shapeshifting


You had 3 spell levels left.
You didn't know any spells.
Your spell library was empty.

Dungeon Overview and Level Annotations

Branches:
Dungeon (3/15)

Altars:

Annotations:
D:3 Sigmund


Innate Abilities, Weirdness & Mutations

You are a hulking beast.
Your limbs bulge with bestial killing power. (Slay +2)
You are too large for most types of armour.
You have claws for hands.
Your natural rate of healing is unusually fast.
You are covered in fur. (AC +1)
You have tough skin. (AC +1)


Message History

You turn into a hulking beast.
Sigmund shouts!
Okay, then.
Sigmund casts a spell.
Sigmund flickers and vanishes!
Deactivating autopickup; reactivate with Ctrl-A.
You see here a scroll labelled AFI ERUSTUN.
Something hits you. Something hits you!
You barely miss something. You miss something.
You hear some strange, mumbled words.
You are confused.
You closely miss something. Something hits you!
You bump into the rock wall.
Something hits you!
You miss something.
You bump into the rock wall.
Something hits you.
* * * LOW HITPOINT WARNING * * *
You bump into the rock wall.
You hear some strange, mumbled words.
Something tries to affect you, but you resist.
You scratch something. Something hits you.
You feel less confused. You block something's attack.
You claw something!
You hear some strange, mumbled words.
You are confused.
You closely miss something.
You bump into the rock wall.
Something completely misses you.
You miss something. Something hits you!
* * * LOW HITPOINT WARNING * * *
You closely miss something. You miss something. Something hits you.
* * * LOW HITPOINT WARNING * * *
You bump into the rock wall.
Something hits you.
* * * LOW HITPOINT WARNING * * *
You bump into the rock wall.
You feel less confused.
You scratch something. Something hits you!
You die...

##. ########## ###
.....#####?.......#
..
......{h...######.#
.# ############ #.#
.# #.# .# #†# .#
#.# .######## #.#
......... #.#
.######## #.#.# .#
#.#.#


There were no monsters in sight!

Vanquished Creatures
  A jelly (D:3)
  3 adders (D:2)
  A worm (D:2)
  3 dart slugs
  4 orcs (D:3)
  3 ball pythons
  5 endoplasms
  3 giant cockroaches (D:3)
  A goblin (D:3)
  8 hobgoblins
  4 jackals (D:2)
  A quokka (D:1)
  3 bats
  A frilled lizard (D:1)
  7 kobolds
  8 rats
56 creatures vanquished.

Notes
Turn   | Place    | Note
-------+----------+-------------------------------------------
     0 | D:1      | garrulousMonolith the Troll Shapeshifter began the quest
                  | for the Orb.
     0 | D:1      | Reached XP level 1. HP: 18/18 MP: 0/0
   122 | D:1      | Reached skill level 1 in Fighting
   122 | D:1      | Reached XP level 2. HP: 27/27 MP: 1/1
   328 | D:1      | Found a faded altar of an unknown god.
   764 | D:2      | Reached XP level 3. HP: 30/33 MP: 2/2
   894 | D:2      | Reached XP level 4. HP: 41/41 MP: 3/3
  1271 | D:3      | Reached skill level 4 in Unarmed Combat
  1422 | D:3      | Noticed Sigmund
  1477 | D:3      | Slain by Sigmund

Illustrated notes

Levels and vault maps discovered:
D:1:      ncdulo_wetmaze, layout_loops_ring, dilly_ecumenical_altar_fadedgnrine,
          columned_hall_lemuel
D:2:      layout_rooms, kennysheep_generic_room_11
D:3:      layout_loops_ring, uniq_sigmund

Skill      XL: |  1  2  3  4 |
---------------+-------------+-----
Fighting       | 1 |  1.6
Dodging        | 2 |  2.1
Unarmed Combat | 4 |  4.1
Shapeshifting  | |  3.9

Action                     |  1- 3 |  4- 6 || total
---------------------------+-------+-------++-------
  Melee: Unarmed           |    59 |    52 ||   111
         Punch             |     1 |       ||     1
   Stab: Sleeping          |       |     1 ||     1
 Armour: Animal skin       |    30 |    25 ||    55
  Dodge: Dodged            |    23 |    17 ||    40
  Block: Other             |       |     1 ||     1
   Form: Beast             |       |     1 ||     1
         Maw               |       |     1 ||     1
         Flux              |       |     1 ||     1

Table legend: (Time is in decaauts)
 A = Elapsed time spent in this place.
 B = Non-inter-level travel time spent in this place.
 C = Inter-level travel time spent in this place.
 D = Time resting spent in this place.
 E = Time spent auto-exploring this place.
 F = Levels seen in this place.
 G = Mean time per level.
                   A        B        C        D        E       F      G
               +--------+--------+--------+--------+--------+-----+--------+
         Total |   1468 |   1363 |    105 |      0 |   1019 |   3 |  489.3 |
       Dungeon |   1468 |   1363 |    105 |      0 |   1019 |   3 |  489.3 |
               +--------+--------+--------+--------+--------+-----+--------+

Top non-repeatable levels by time:
     D:1: 750 daAuts
     D:2: 431 daAuts
     D:3: 287 daAuts
